[Event "Titled Tuesday Blitz April 25 Late 2023"]
[White "Harriott, Tyrell"]
[Black "Martinez Ramirez, Lennis"]
[WhiteFideId "2086484"]
[BlackFideId "3509079"]
[WhiteElo "2107"]
[BlackElo "2410"]
[Result "1-0"]
[Round "08"]
[TimeControl "180+2"]
[Date "2023.04.25"]
[WhiteClock "0:00:12"]
[BlackClock "0:00:01"]

1. d4 Nf6 2. e3 d5 3. Bd3 g6 4. f4 Bg7 5. Nf3 Bg4 6. O-O Bxf3 7. Qxf3 e6 8. c4 O-O 9. Nc3 c5 10. cxd5 cxd4 11. exd4 Nxd5 12. Nxd5 exd5 13. Be3 Nc6 14. f5 Nxd4 15. Qf2 Nxf5 16. Bxf5 gxf5 17. Qxf5 Rc8 18. Rf3 Rc6 19. Raf1 Rg6 20. Bc5 Rf6 21. Qd3 Re8 22. Bd4 Rxf3 23. Rxf3 Bxd4+ 24. Qxd4 Qb6 25. Qxb6 axb6 26. Rb3 Re6 27. Rb5 Rd6 28. Kf2 Kf8 29. Ke3 Ke7 30. Kd4 Kd7 31. Rxd5 Kc6 32. Rxd6+ Kxd6 33. g4 Ke6 34. Ke4 b5 35. h3 b6 36. h4 b4 37. h5 f6 38. Kf4 Ke7 39. Kf5 Kf7 40. Kf4 Ke7 41. Ke4 Ke6 42. Kd4 b5 43. Ke4 Kf7 44. Kd5 Ke7 45. Kc5 f5 46. g5 Ke6 47. Kd4 1-0


[Site "https://www.chess.com"]

[Event "Titled Tuesday Blitz April 25 Late 2023"]
[White "Liu, Casper"]
[Black "Ladan, Nicholas"]
[WhiteFideId "1454153"]
[BlackFideId "30918855"]
[WhiteElo "2221"]
[BlackElo "2167"]
[Result "1-0"]
[Round "08"]
[TimeControl "180+2"]
[Date "2023.04.25"]
[WhiteClock "0:00:17"]
[BlackClock "0:00:03"]

1. e4 e5 2. Nf3 Nc6 3. d4 exd4 4. Nxd4 Bc5 5. Be3 Qf6 6. c3 Nge7 7. g3 b6 8. Bg2 Bb7 9. O-O O-O 10. Nc2 Rad8 11. Bxc5 bxc5 12. Ne3 Rfe8 13. Nd2 d6 14. Nb3 Ba6 15. Re1 Ne5 16. Nc1 h6 17. f4 Nc4 18. Nxc4 Bxc4 19. Qc2 Ng6 20. Nd3 Bxd3 21. Qxd3 Rb8 22. Rab1 Ne7 23. Qa6 Nc8 24. Qa4 Qd8 25. e5 Nb6 26. Qxa7 dxe5 27. Rbd1 Qf6 28. Qxc7 exf4 29. Rxe8+ Rxe8 30. Qxc5 f3 31. Rf1 Nd7 32. Qb5 Rb8 33. Qxd7 Qb6+ 34. Qd4 fxg2 35. Kxg2 Qxb2+ 36. Rf2 Qb7+ 37. Kg1 Re8 38. Qd1 Qc6 39. Qf3 Qc4 40. Kg2 Re6 41. Rd2 g6 42. h4 Re7 43. Rf2 Qe6 44. Kh2 Kg7 45. Qf4 h5 46. c4 Rc7 47. Qxc7 Qe3 48. Qxf7+ Kh6 49. Qf8+ Kh7 50. Rf7# 1-0


[Site "https://www.chess.com"]

[Event "Titled Tuesday Blitz April 25 Late 2023"]
[White "Aldokhin, Ivan"]
[Black "Remolar Gallen, Jose"]
[WhiteFideId "24115720"]
[BlackFideId "2215187"]
[WhiteElo "2322"]
[BlackElo "2223"]
[Result "1-0"]
[Round "08"]
[TimeControl "180+2"]
[Date "2023.04.25"]
[WhiteClock "0:01:20"]
[BlackClock "0:00:18"]

1. e4 c5 2. Nf3 d6 3. d4 cxd4 4. Nxd4 Nf6 5. Nc3 a6 6. Bc4 e6 7. Bb3 b5 8. Qf3 Ra7 9. O-O Be7 10. Qg3 O-O 11. Bh6 Nh5 12. Qg4 Bf6 13. Rad1 Re7 14. Qxh5 gxh6 15. Qxh6 Bg7 16. Qd2 Bb7 17. a3 Nd7 18. Nde2 d5 19. exd5 exd5 20. Bxd5 Bxd5 21. Nxd5 Re4 22. c3 Nc5 23. Ng3 Re5 24. f4 Nb3 25. Qd3 Nc5 26. Qf3 Re6 27. f5 Rd6 28. f6 1-0


[Site "https://www.chess.com"]

[Event "Titled Tuesday Blitz April 25 Late 2023"]
[White "Ezat, Mohamed"]
[Black "Erzhanov, Arman"]
[WhiteFideId "10600906"]
[BlackFideId "4138821"]
[WhiteElo "2386"]
[BlackElo "2138"]
[Result "0-1"]
[Round "08"]
[TimeControl "180+2"]
[Date "2023.04.25"]
[WhiteClock "0:02:07"]
[BlackClock "0:01:37"]

1. d4 d6 2. c4 e5 3. Nf3 e4 4. Ng5 f5 5. h4 Be7 6. Nh3 Nf6 7. Bg5 O-O 8. e3 c6 9. Nf4 Na6 10. Nc3 Nc7 11. Qc2 Ne6 12. Be2 Nxf4 13. Bxf4 d5 14. O-O-O Be6 15. Bg5 dxc4 16. Bxf6 Bxf6 17. d5 cxd5 18. Nxd5 Bxd5 19. Rxd5 Qb6 20. Bxc4 Kh8 21. Kb1 Rac8 22. Qb3 Rxc4 23. Rxf5 Rb4 24. Rxf6 gxf6 25. Qc3 Rd8 26. Rh3 Rxb2+ 27. Kc1 Rbd2 0-1


[Site "https://www.chess.com"]

[Event "Titled Tuesday Blitz April 25 Late 2023"]
[White "O`Gorman, Tom"]
[Black "Flynn, Jacob"]
[WhiteFideId "2508249"]
[BlackFideId "2509393"]
[WhiteElo "2271"]
[BlackElo "2053"]
[Result "1-0"]
[Round "08"]
[TimeControl "180+2"]
[Date "2023.04.25"]
[WhiteClock "0:01:15"]
[BlackClock "0:00:47"]

1. e4 e5 2. Nf3 Nc6 3. Bb5 a6 4. Ba4 Nf6 5. O-O Be7 6. Re1 b5 7. Bb3 O-O 8. d3 d6 9. Bd2 Bg4 10. c3 Na5 11. Bc2 c5 12. h3 Bd7 13. Be3 Nc6 14. Nbd2 Re8 15. Nf1 Bf8 16. Ng3 h6 17. d4 cxd4 18. cxd4 exd4 19. Nxd4 Rc8 20. Rc1 Ne5 21. b3 Nc6 22. Qf3 Nh7 23. Ngf5 Ne5 24. Qg3 Kh8 25. f4 Nc6 26. Bd3 Qf6 27. Nxc6 Bxc6 28. Bd4 Qg6 29. Qxg6 fxg6 30. Nxh6 Nf6 31. Nf7+ Kg8 32. Ng5 Bd7 33. e5 Nd5 34. Bxg6 Rxc1 35. Rxc1 Rc8 36. Rxc8 1-0


[Site "https://www.chess.com"]

[Event "Titled Tuesday Blitz April 25 Late 2023"]
[White "Espinosa, Pedro"]
[Black "Lopez Gracia, Fernando"]
[WhiteFideId "30921066"]
[BlackFideId "2207184"]
[WhiteElo "2016"]
[BlackElo "2255"]
[Result "1-0"]
[Round "08"]
[TimeControl "180+2"]
[Date "2023.04.25"]
[WhiteClock "0:00:07"]
[BlackClock "0:00:04"]

1. d4 Nf6 2. c4 e6 3. Nf3 c5 4. d5 d6 5. Nc3 exd5 6. cxd5 g6 7. e4 Bg7 8. Nd2 Nbd7 9. Be2 O-O 10. O-O Re8 11. a4 b6 12. h3 a6 13. Qc2 g5 14. Nc4 Ne5 15. Bxg5 Nxc4 16. Bxc4 h6 17. Bh4 Bd7 18. Rfe1 Qc7 19. Qd2 b5 20. axb5 axb5 21. Rxa8 Rxa8 22. Bxb5 Bxb5 23. Nxb5 Qb8 24. Nc3 Nd7 25. Qe2 c4 26. Qxc4 Qxb2 27. Nd1 Qa1 28. f4 Ra2 29. Nc3 Qxc3 30. Qxa2 Bd4+ 31. Kh2 Bf6 32. Bg3 h5 33. Qe2 Nc5 34. e5 Bg7 35. Qxh5 dxe5 36. fxe5 Qd2 37. e6 fxe6 38. dxe6 Nd3 39. e7 Nxe1 40. e8=Q+ Bf8 41. Qhf7+ Kh8 42. Qexf8# 1-0


[Site "https://www.chess.com"]

[Event "Titled Tuesday Blitz April 25 Late 2023"]
[White "Jovic, Stanoje"]
[Black "Munoz, Francisco Javier"]
[WhiteFideId "905020"]
[BlackFideId "128368"]
[WhiteElo "2236"]
[BlackElo "2383"]
[Result "0-1"]
[Round "08"]
[TimeControl "180+2"]
[Date "2023.04.25"]
[WhiteClock "0:00:04"]
[BlackClock "0:01:03"]

1. c4 e6 2. g3 d5 3. Bg2 Nf6 4. Nf3 Be7 5. O-O O-O 6. d4 b6 7. Ne5 Bb7 8. Nc3 Nbd7 9. f4 c5 10. e3 Rc8 11. Qa4 cxd4 12. exd4 a6 13. cxd5 b5 14. Qb3 Nxd5 15. Nxd5 Bxd5 16. Bxd5 exd5 17. Qxd5 Nb6 18. Qxd8 Rfxd8 19. Be3 f6 20. Nf3 Nc4 21. Bc1 Nd6 22. Re1 Kf7 23. a4 b4 24. g4 Rc2 25. b3 Rc3 26. Kg2 Rxb3 27. f5 h5 28. h3 hxg4 29. hxg4 Rc8 30. Ra2 Rbc3 31. Bf4 Rc2+ 32. Rxc2 Rxc2+ 33. Kg3 Nc4 34. Rb1 Rc3 35. Kg2 b3 36. d5 b2 37. Nd4 Rd3 38. Nc6 Ba3 39. d6 Nxd6 40. Nd8+ Kg8 41. Ne6 Ne4 0-1


[Site "https://www.chess.com"]

[Event "Titled Tuesday Blitz April 25 Late 2023"]
[White "Martic, Ivan"]
[Black "Bryant, Todd"]
[WhiteFideId "929301"]
[BlackFideId "2031299"]
[WhiteElo "2360"]
[BlackElo "2075"]
[Result "0-1"]
[Round "08"]
[TimeControl "180+2"]
[Date "2023.04.25"]
[WhiteClock "0:00:13"]
[BlackClock "0:00:05"]

1. d4 Nf6 2. c4 g6 3. Nc3 Bg7 4. e4 d6 5. f3 O-O 6. Bg5 c5 7. d5 h6 8. Be3 e6 9. Qd2 Kh7 10. Nge2 a6 11. a4 exd5 12. cxd5 Nbd7 13. Nc1 Nh5 14. Be2 Ne5 15. g4 Nf6 16. h4 Bd7 17. g5 Nh5 18. Rg1 b5 19. f4 Nc4 20. Bxc4 bxc4 21. f5 gxf5 22. gxh6 Bf6 23. Bg5 Re8 24. N1e2 fxe4 25. Qf4 Nxf4 26. Nxf4 Bf5 27. O-O-O Rg8 28. Nh5 Bxg5+ 29. hxg5 Rxg5 30. Rdf1 Rxh5 31. Rg7+ Kh8 32. Rxf7 Qg5+ 33. Kb1 Qxh6 34. Ka2 Rf8 35. Rb7 e3 36. Ne2 Rh2 37. Nf4 Qf6 38. Ka3 e2 39. Rg1 Bh7 40. Ne6 e1=Q 41. Rxe1 Rh3+ 42. Ka2 c3 43. Nxf8 Qxf8 44. Ree7 Rh2 45. Ka3 cxb2 46. Rf7 Qg8 47. Rfc7 Qg3+ 48. Ka2 b1=Q# 0-1


[Site "https://www.chess.com"]

[Event "Titled Tuesday Blitz April 25 Late 2023"]
[White "Ardila, Oscar Humberto"]
[Black "Przybylski, Wojciech"]
[WhiteFideId "4404742"]
[BlackFideId "1117599"]
[WhiteElo "1918"]
[BlackElo "2222"]
[Result "0-1"]
[Round "08"]
[TimeControl "180+2"]
[Date "2023.04.25"]
[WhiteClock "0:02:32"]
[BlackClock "0:02:33"]

1. d4 Nf6 2. c4 e6 3. Nc3 Bb4 4. Bd2 O-O 5. Nf3 c5 6. dxc5 Na6 7. e3 Nxc5 8. a3 Bxc3 9. Bxc3 Nce4 10. Bd4 d6 11. b4 e5 12. Bb2 Bg4 13. Be2 Rc8 14. Rc1 a5 15. O-O axb4 16. axb4 Qb6 17. b5 Rfd8 18. h3 Be6 19. Ng5 Nxg5 0-1


[Site "https://www.chess.com"]

[Event "Titled Tuesday Blitz April 25 Late 2023"]
[White "Albuquerque Junior,Wellington S."]
[Black "Sztokbant, Bernardo Vainzoff"]
[WhiteFideId "2151480"]
[BlackFideId "2115956"]
[WhiteElo "2109"]
[BlackElo "2222"]
[Result "1-0"]
[Round "08"]
[TimeControl "180+2"]
[Date "2023.04.25"]
[WhiteClock "0:00:17"]
[BlackClock "0:00:13"]

1. c4 c6 2. g3 d5 3. Bg2 Nf6 4. Nf3 e6 5. b3 Be7 6. O-O O-O 7. Bb2 Nbd7 8. e3 b6 9. d4 Bb7 10. Qe2 c5 11. Rd1 Qc7 12. Nc3 dxc4 13. Nb5 Qb8 14. bxc4 a6 15. Nc3 cxd4 16. exd4 Re8 17. Rac1 Qc7 18. Ne5 Bxg2 19. Kxg2 Rac8 20. Nxd7 Nxd7 21. Ne4 Qb7 22. Qf3 Rc7 23. d5 exd5 24. cxd5 Rxc1 25. Bxc1 Nf6 26. Nxf6+ Bxf6 27. d6 Qd7 28. h4 Be5 29. Bf4 Bxf4 30. Qxf4 h6 31. Qc4 b5 32. Qc7 Rd8 33. Qxd7 Rxd7 34. Kf3 f6 35. Ke4 Kf7 36. Kd5 Rd8 37. Kc6 b4 38. d7 a5 39. Kc7 Ra8 40. d8=Q Rxd8 41. Kxd8 Ke6 42. Kc7 Ke5 43. Kb6 a4 44. Kb5 b3 45. axb3 axb3 46. Kb4 Ke4 47. Kxb3 Kf3 48. Rd2 f5 49. Kc3 f4 50. gxf4 Kxf4 51. Kd4 Kg4 52. Ke5 Kxh4 53. Kf5 h5 54. f4 Kg3 55. Kg5 h4 56. Rd3+ Kf2 57. f5 Ke2 58. Rh3 Kf2 59. Rxh4 g6 60. fxg6 Ke2 61. Rh7 Kd2 62. Rf7 Kc2 63. g7 1-0


[Site "https://www.chess.com"]

[Event "Titled Tuesday Blitz April 25 Late 2023"]
[White "Tomaszewski, Kacper"]
[Black "Bogaudinov, Rushan"]
[WhiteFideId "1127373"]
[BlackFideId "4129288"]
[WhiteElo "2211"]
[BlackElo "1967"]
[Result "1-0"]
[Round "08"]
[TimeControl "180+2"]
[Date "2023.04.25"]
[WhiteClock "0:00:21"]
[BlackClock "0:00:13"]

1. d4 d5 2. c4 dxc4 3. e3 Nf6 4. Bxc4 e6 5. Nf3 Be7 6. O-O O-O 7. Qe2 a6 8. Rd1 b5 9. Bb3 Bb7 10. Bc2 Be4 11. Bb3 Bd5 12. Bc2 Be4 13. Nc3 Bxc2 14. Qxc2 Qc8 15. Ne4 Nbd7 16. Nc5 Bd6 17. e4 e5 18. Nxd7 Nxd7 19. Be3 Re8 20. Rac1 Qb7 21. d5 h6 22. Nh4 Nf6 23. f3 Rac8 24. Nf5 Bf8 25. Qc6 Qxc6 26. Rxc6 Kh7 27. Rxa6 g6 28. Rxf6 gxf5 29. Rxf7+ Kg6 30. Rxf5 Bd6 31. Rc1 b4 32. Bc5 Ra8 33. Bxd6 cxd6 34. Rc6 Red8 35. Rb6 Rab8 36. Rxb8 Rxb8 37. a3 bxa3 38. bxa3 Ra8 39. Kf2 Rxa3 40. Kg3 Ra8 41. h4 h5 42. Rg5+ Kh6 43. Kh3 Rf8 44. Rf5 Rxf5 45. exf5 Kg7 46. g4 Kf6 47. Kg3 hxg4 48. Kxg4 Kf7 49. Kg5 Kg7 50. h5 Kh7 51. f6 Kg8 52. Kg6 Kf8 53. h6 Kg8 54. h7+ 1-0


[Site "https://www.chess.com"]

[Event "Titled Tuesday Blitz April 25 Late 2023"]
[White "Garmash, Aliona"]
[Black "Ronka, Erik"]
[WhiteFideId "34127620"]
[BlackFideId "505080"]
[WhiteElo "1959"]
[BlackElo "2264"]
[Result "1-0"]
[Round "08"]
[TimeControl "180+2"]
[Date "2023.04.25"]
[WhiteClock "0:00:05"]
[BlackClock "0:01:11"]

1. d4 Nf6 2. c4 e6 3. Nf3 b6 4. g3 Ba6 5. Qc2 Bb7 6. Bg2 Bb4+ 7. Bd2 Bxd2+ 8. Nbxd2 O-O 9. O-O d5 10. cxd5 exd5 11. Rac1 c6 12. Rfe1 Nbd7 13. b4 Re8 14. Nb3 Ne4 15. a4 Rc8 16. Nfd2 Qe7 17. Nxe4 dxe4 18. e3 Qxb4 19. Nd2 f5 20. Qa2+ Kh8 21. Nc4 Qe7 22. Bh3 Rf8 23. Red1 c5 24. dxc5 Nxc5 25. Nd6 Rcd8 26. Nxf5 Qf6 27. Nd4 Nd3 28. Rc2 Bd5 29. Qa3 Nxf2 30. Rxf2 Qxf2+ 31. Kh1 Ba8 32. Rf1 Qxf1+ 33. Bxf1 Rxf1+ 34. Kg2 Rff8 35. Ne6 Rd2+ 36. Kh3 Re8 37. Nc7 Rc8 38. Nxa8 Rxa8 39. Qb4 Re8 40. Qxd2 h6 41. Qd7 Re5 42. Qxa7 Ra5 43. Qb8+ Kh7 44. Qxb6 Rxa4 45. Qc6 Rb4 46. Kg4 Kg8 47. Qe6+ Kh8 48. Kf4 Kh7 49. Qxe4+ Rxe4+ 50. Kxe4 Kg6 51. Ke5 Kg5 52. h3 h5 53. e4 h4 54. g4 Kg6 55. Kf4 Kf6 56. e5+ Ke6 57. Ke4 g6 58. Kd4 Ke7 59. Kd5 Kd7 60. e6+ Ke7 61. Ke5 Ke8 62. Kd6 Kd8 63. e7+ Ke8 64. g5 Kf7 65. Kd7 Kg7 66. e8=Q Kh7 67. Qf7+ Kh8 68. Qf6+ Kh7 69. Ke7 Kg8 70. Qxg6+ Kh8 71. Qh6+ Kg8 72. Qxh4 Kg7 73. Qh6+ Kg8 74. Kd7 Kf7 75. g6+ Kf6 76. g7+ Ke5 77. g8=Q Kf5 78. Qge6# 1-0


[Site "https://www.chess.com"]

[Event "Titled Tuesday Blitz April 25 Late 2023"]
[White "Adewumi, Tanitoluwa"]
[Black "Prieto Aranguren, Alain"]
[WhiteFideId "30966396"]
[BlackFideId "2268906"]
[WhiteElo "2283"]
[BlackElo "2209"]
[Result "1-0"]
[Round "08"]
[TimeControl "180+2"]
[Date "2023.04.25"]
[WhiteClock "0:00:27"]
[BlackClock "0:00:07"]

1. e4 c6 2. d4 d5 3. exd5 cxd5 4. Bd3 Nc6 5. c3 Qc7 6. Ne2 Bg4 7. O-O e6 8. Qe1 Nf6 9. Bg5 Bxe2 10. Qxe2 Bd6 11. g3 O-O-O 12. Nd2 h6 13. Be3 g5 14. f4 g4 15. b4 h5 16. b5 Na5 17. c4 dxc4 18. Nxc4 Nxc4 19. Bxc4 Kb8 20. Rac1 Qb6 21. f5 Nd5 22. fxe6 fxe6 23. Bg5 Qxd4+ 24. Kh1 Nc3 25. Qd3 Qxd3 26. Bxd3 Rc8 27. Bf6 Nd5 28. Bxh8 Rxh8 29. Be4 h4 30. Bxd5 exd5 31. gxh4 a6 32. b6 Rxh4 33. Rf6 Rxh2+ 34. Kg1 1-0


[Site "https://www.chess.com"]

[Event "Titled Tuesday Blitz April 25 Late 2023"]
[White "Perske, Thore"]
[Black "Hoffmann, Asa"]
[WhiteFideId "12902195"]
[BlackFideId "2001470"]
[WhiteElo "2336"]
[BlackElo "2117"]
[Result "0-1"]
[Round "08"]
[TimeControl "180+2"]
[Date "2023.04.25"]
[WhiteClock "0:00:05"]
[BlackClock "0:00:35"]

1. d4 Nf6 2. g3 d6 3. Bg2 c6 4. e4 Nbd7 5. Ne2 e5 6. a4 Be7 7. Nbc3 O-O 8. O-O Re8 9. h3 Bf8 10. f4 exd4 11. Nxd4 Nc5 12. Re1 a5 13. g4 g6 14. Qf3 Bg7 15. Nb3 Nxb3 16. cxb3 Qb6+ 17. Kh2 Qxb3 18. e5 Nd5 19. Nxd5 Qxf3 20. Bxf3 cxd5 21. Bxd5 dxe5 22. fxe5 Rxe5 23. Rxe5 Bxe5+ 24. Kg2 Be6 25. Bxb7 Rb8 26. Bf3 Bxb2 27. Rb1 Be5 28. Rxb8+ Bxb8 29. Bd2 Bc7 30. Bc6 f5 31. Kf3 fxg4+ 32. hxg4 h5 33. gxh5 gxh5 34. Be8 h4 35. Bg5 h3 36. Bc6 Kf7 37. Bh4 Kg6 38. Bg3 Bxg3 39. Kxg3 Kf6 40. Kf4 Bc4 41. Kg3 Bf1 42. Kh2 Ke5 43. Kg3 Kd4 44. Bd7 Kc5 45. Bxh3 Bxh3 46. Kxh3 Kb4 47. Kg3 Kxa4 48. Kf3 Kb3 0-1


[Site "https://www.chess.com"]

[Event "Titled Tuesday Blitz April 25 Late 2023"]
[White "Ibadov, Dashgyn"]
[Black "Alexikov, Alexander"]
[WhiteFideId "24107514"]
[BlackFideId "14103958"]
[WhiteElo "2208"]
[BlackElo "2186"]
[Result "0-1"]
[Round "08"]
[TimeControl "180+2"]
[Date "2023.04.25"]
[WhiteClock "0:00:01"]
[BlackClock "0:00:26"]

1. e4 c5 2. Nf3 d6 3. d4 cxd4 4. Nxd4 Nf6 5. Nc3 a6 6. Bg5 Nbd7 7. Qe2 h6 8. Bh4 g5 9. Bg3 e6 10. O-O-O Qc7 11. h4 Rg8 12. hxg5 hxg5 13. Kb1 Ne5 14. Qd2 b5 15. Bxb5+ axb5 16. Ndxb5 Qb6 17. Nxd6+ Bxd6 18. Qxd6 Qxd6 19. Rxd6 Nfd7 20. Rhd1 Ke7 21. f3 Ra6 22. R6d4 Bb7 23. a4 Bc6 24. b3 Rc8 25. Kb2 f6 26. Rh1 Nf7 27. Rh7 e5 28. Rc4 Raa8 29. Bf2 Ke6 30. Rh1 Rab8 31. Bc5 Bb7 32. Ba7 Rxc4 33. Bxb8 Rxc3 34. Kxc3 Nxb8 35. b4 Nd6 36. b5 Nd7 37. Kb4 Nxe4 38. fxe4 Bxe4 39. a5 Bxg2 40. Rg1 Be4 41. c4 Bd3 42. a6 Nb6 43. c5 Nc8 44. Ka5 Kd5 45. b6 Kc6 46. a7 Kb7 47. Rh1 Be4 0-1


[Site "https://www.chess.com"]

[Event "Titled Tuesday Blitz April 25 Late 2023"]
[White "Bilan, Danila"]
[Black "Bueno, Alfeu Junior Varela"]
[WhiteFideId "24161918"]
[BlackFideId "2108879"]
[WhiteElo "2182"]
[BlackElo "2175"]
[Result "0-1"]
[Round "08"]
[TimeControl "180+2"]
[Date "2023.04.25"]
[WhiteClock "0:00:07"]
[BlackClock "0:00:05"]

1. d4 e6 2. Nf3 f5 3. g3 b6 4. Bg2 Bb7 5. c4 Nf6 6. O-O Be7 7. d5 O-O 8. Nd4 Qc8 9. Nc3 Bb4 10. Qb3 Na6 11. a3 Bxc3 12. Qxc3 Nc5 13. b4 Nce4 14. Qd3 c5 15. dxc6 dxc6 16. c5 bxc5 17. bxc5 Ba6 18. Qc2 e5 19. Nb3 h6 20. Re1 Qe6 21. Nd2 Ng5 22. h4 Nf7 23. Bb2 f4 24. Ne4 Nd5 25. Rad1 Qg6 26. Kh2 Kh8 27. Ba1 Nf6 28. Qa4 Bb5 29. Qb4 a5 30. Qb1 Ng4+ 31. Kg1 fxg3 32. fxg3 Ne3 33. Rd7 Nxg2 34. Kxg2 Rad8 35. Rxd8 Rxd8 36. Nd6 Qh5 37. Nxf7+ Qxf7 38. Bxe5 Qd5+ 39. Qe4 Qxe4+ 0-1


[Site "https://www.chess.com"]

[Event "Titled Tuesday Blitz April 25 Late 2023"]
[White "Arencibia Monduy, Antonio"]
[Black "Skibbe, Willi"]
[WhiteFideId "3507939"]
[BlackFideId "4682190"]
[WhiteElo "2122"]
[BlackElo "2176"]
[Result "1-0"]
[Round "08"]
[TimeControl "180+2"]
[Date "2023.04.25"]
[WhiteClock "0:00:22"]
[BlackClock "0:00:15"]

1. c4 e6 2. Nc3 d5 3. cxd5 exd5 4. d4 Nf6 5. Nf3 Be7 6. Bf4 c6 7. e3 O-O 8. Bd3 Re8 9. h3 Bd6 10. Bg5 h6 11. Bh4 g5 12. Nxg5 hxg5 13. Bxg5 Nbd7 14. Qf3 Be7 15. Qg3 Nh5 16. Qh4 Bxg5 17. Qxh5 Nf8 18. O-O Qf6 19. f4 Bh6 20. Rf3 Bg7 21. Rg3 Bd7 22. Rf1 Re7 23. Rff3 Rae8 24. Nd1 Re6 25. f5 R6e7 26. Nf2 Nh7 27. h4 Kh8 28. Ng4 Qd6 29. f6 Bxg4 30. Qxh7# 1-0


[Site "https://www.chess.com"]

[Event "Titled Tuesday Blitz April 25 Late 2023"]
[White "Bustamante Orta, Jorge"]
[Black "Degtiarev, Evgeny"]
[WhiteFideId "5121710"]
[BlackFideId "4149610"]
[WhiteElo "2165"]
[BlackElo "2284"]
[Result "0-1"]
[Round "08"]
[TimeControl "180+2"]
[Date "2023.04.25"]
[WhiteClock "0:00:52"]
[BlackClock "0:00:06"]

1. b3 d5 2. Bb2 a5 3. Nf3 Nf6 4. g3 a4 5. bxa4 Rxa4 6. Nc3 Ra8 7. e3 Bg4 8. Bg2 e6 9. h3 Bh5 10. g4 Bg6 11. g5 Nfd7 12. h4 Bh5 13. Qb1 Nc6 14. Nb5 e5 15. d4 e4 16. Nd2 Bg4 17. c4 Bb4 18. Bxe4 dxe4 19. Qxe4+ Be6 20. d5 O-O 21. dxe6 Nc5 22. Qc2 Nd3+ 23. Ke2 Nxb2 24. Qxb2 fxe6 25. Ne4 Qe7 26. a3 Qf7 27. f4 Qh5+ 28. Kf2 e5 29. Ng3 Qg4 30. f5 Rxf5+ 31. Nxf5 Qxf5+ 32. Ke2 Qg4+ 33. Kd3 Rd8+ 34. Kc2 Rd2+ 35. Kb3 Rxb2+ 36. Kxb2 Qe2+ 37. Kb3 Qd3+ 38. Ka4 Qc2# 0-1


[Site "https://www.chess.com"]

[Event "Titled Tuesday Blitz April 25 Late 2023"]
[White "Harish, Neeraj"]
[Black "Mikhalsky, Vladimir"]
[WhiteFideId "30958130"]
[BlackFideId "14144352"]
[WhiteElo "1965"]
[BlackElo "2236"]
[Result "0-1"]
[Round "08"]
[TimeControl "180+2"]
[Date "2023.04.25"]
[WhiteClock "0:00:05"]
[BlackClock "0:00:12"]

1. e4 g6 2. d4 Bg7 3. Nc3 d6 4. f4 Nf6 5. Nf3 O-O 6. Bd3 a6 7. O-O Bg4 8. h3 Bxf3 9. Qxf3 Nc6 10. Be3 e5 11. d5 Nd4 12. Bxd4 exd4 13. Ne2 c5 14. c4 dxc3 15. bxc3 Re8 16. Rab1 b5 17. Ng3 c4 18. Bc2 Nd7 19. a4 Qa5 20. axb5 axb5 21. h4 Bxc3 22. h5 b4 23. hxg6 hxg6 24. Qg4 Qa7+ 25. Kh1 Nf6 26. Qg5 b3 27. Bxb3 cxb3 28. Rxb3 Qe3 29. Qxf6 Qxg3 30. Rxc3 Qg4 31. Rh3 Qxh3+ 32. gxh3 Rxe4 33. Qxd6 Ra2 34. Qf6 Ree2 35. Qg5 Kg7 36. f5 Rh2+ 37. Kg1 Rxh3 38. f6+ Kh7 39. d6 Raa3 40. Kg2 Rh5 41. Qg4 Ra2+ 42. Rf2 Raa5 43. d7 Rag5 44. d8=Q Rxg4+ 45. Kf3 Rgg5 46. Qe7 Rf5+ 47. Ke3 Re5+ 48. Qxe5 Rxe5+ 49. Kd4 Re6 50. Kd5 Ra6 51. Ke5 g5 52. Kf5 Ra5+ 53. Kg4 Kg6 54. Rb2 Ra4+ 55. Kg3 Rf4 56. Rb5 Rxf6 57. Kg4 Rf4+ 58. Kg3 f6 59. Ra5 Rb4 60. Rc5 f5 61. Rc6+ Kh5 62. Rc5 Rb3+ 63. Kg2 Kg4 64. Rc8 f4 65. Rc7 Rb2+ 66. Kg1 Kg3 67. Rc3+ f3 68. Rc1 g4 69. Rd1 Rh2 70. Rc1 f2+ 71. Kf1 Rh1+ 72. Ke2 Rxc1 0-1


[Site "https://www.chess.com"]

[Event "Titled Tuesday Blitz April 25 Late 2023"]
[White "Womacka, Mathias"]
[Black "Smith, Garrett L"]
[WhiteFideId "4611390"]
[BlackFideId "2024829"]
[WhiteElo "2377"]
[BlackElo "2047"]
[Result "1-0"]
[Round "08"]
[TimeControl "180+2"]
[Date "2023.04.25"]
[WhiteClock "0:00:24"]
[BlackClock "0:00:01"]

1. e4 c5 2. Nf3 Nc6 3. d4 cxd4 4. Nxd4 e5 5. Nb5 d6 6. c4 Be7 7. N1c3 a6 8. Na3 f5 9. exf5 Bxf5 10. Bd3 Be6 11. O-O Nf6 12. Nc2 O-O 13. Ne3 Rc8 14. Ne4 Nd4 15. b3 b5 16. Nxf6+ gxf6 17. Be4 bxc4 18. bxc4 f5 19. Bd5 Bg5 20. Bxe6+ Nxe6 21. Ba3 Nd4 22. Qd3 Qf6 23. Nd5 Qg6 24. f4 Bd8 25. Rae1 Re8 26. Kh1 Ba5 27. Re3 Kh8 28. Bb2 Qg7 29. Rg3 Qa7 30. Qa3 Ne2 31. Qxa5 Nxg3+ 32. hxg3 Rxc4 33. fxe5 dxe5 34. Nb6 Re4 35. Rxf5 Re6 36. Rh5 Qxb6 37. Bxe5+ Kg8 38. Qd5 1-0


[Site "https://www.chess.com"]

[Event "Titled Tuesday Blitz April 25 Late 2023"]
[White "Stanisz, Patryk"]
[Black "Estrada Nieto, Julian"]
[WhiteFideId "1123106"]
[BlackFideId "5101018"]
[WhiteElo "2069"]
[BlackElo "2161"]
[Result "0-1"]
[Round "08"]
[TimeControl "180+2"]
[Date "2023.04.25"]
[WhiteClock "0:01:11"]
[BlackClock "0:01:29"]

1. d4 d5 2. c4 dxc4 3. e3 Nf6 4. Bxc4 e6 5. Nf3 c5 6. O-O a6 7. Qe2 Nc6 8. dxc5 Bxc5 9. Rd1 Qc7 10. Nc3 O-O 11. e4 Ng4 12. h3 Nxf2 13. Be3 Bxe3 14. Qxe3 Nxd1 15. Rxd1 Rd8 16. Rf1 b5 17. Bd3 Ne5 18. Bb1 Nxf3+ 19. Qxf3 Bb7 20. Qh5 g6 21. Qg5 Rac8 22. h4 Qc5+ 23. Kh2 Qxg5 24. hxg5 Rd2 25. a3 Rxb2 0-1


[Site "https://www.chess.com"]

[Event "Titled Tuesday Blitz April 25 Late 2023"]
[White "Florianovitz, Derlei Alex"]
[Black "Gurevich, Dmitry"]
[WhiteFideId "2114178"]
[BlackFideId "2000407"]
[WhiteElo "1953"]
[BlackElo "2506"]
[Result "0-1"]
[Round "08"]
[TimeControl "180+2"]
[Date "2023.04.25"]
[WhiteClock "0:00:09"]
[BlackClock "0:01:53"]

1. e4 c5 2. Nf3 d6 3. d4 cxd4 4. Nxd4 Nf6 5. Nc3 Nc6 6. Be3 Ng4 7. Nxc6 bxc6 8. Qd2 Nxe3 9. Qxe3 Qb6 10. Qxb6 axb6 11. Bd3 g6 12. Kd1 Bg7 13. Kd2 b5 14. a3 Be6 15. Rae1 O-O 16. f4 Rfb8 17. f5 Bd7 18. fxg6 hxg6 19. Rhf1 Be6 20. h3 c5 21. Nd5 Bxb2 22. Nxe7+ Kg7 23. e5 Rxa3 24. Nc6 Rb6 25. Nd8 Bc3+ 26. Ke2 Bxe1 27. Rxe1 dxe5 28. Nxe6+ fxe6 29. Rb1 Rc3 30. Kd2 b4 31. Re1 Rd6 32. Kc1 Rdxd3 0-1


[Site "https://www.chess.com"]

[Event "Titled Tuesday Blitz April 25 Late 2023"]
[White "ArtemDyachuk"]
[Black "Narva, Triin"]
[BlackFideId "4502680"]
[WhiteElo "2440"]
[BlackElo "1944"]
[Result "1-0"]
[Round "08"]
[TimeControl "180+2"]
[Date "2023.04.25"]
[WhiteClock "0:01:07"]
[BlackClock "0:00:03"]

1. Nf3 g6 2. e4 Bg7 3. d4 c5 4. d5 d6 5. Nc3 Nd7 6. Nd2 a6 7. a4 Nh6 8. Nc4 O-O 9. a5 b5 10. axb6 Nxb6 11. Na5 Bd7 12. h4 Nc8 13. h5 Ng4 14. hxg6 fxg6 15. Nc6 Bxc6 16. dxc6 e6 17. Qxg4 Bxc3+ 18. bxc3 Qf6 19. Qg3 d5 20. Bg5 Qf7 21. Bd3 c4 22. Be2 Nd6 23. Qxd6 Qxf2+ 24. Kd2 Qxg2 25. Qxe6+ Rf7 26. Rag1 Qxe4 1-0


[Site "https://www.chess.com"]